 Dungeon Crawl Stone Soup version 0.31-a0-1066-g35875b34c7 (webtiles) character file.

Game seed: 309012030841865452

56 Maratek the Shield-Bearer (level 3, -5/33 HPs)
             Began as a Minotaur Fighter on Nov 22, 2023.
             Slain by a gnoll
             ... wielding a +0 spear
              (6 damage)
             ... on level 3 of the Dungeon.
             The game lasted 00:01:14 (1602 turns).

Maratek the Shield-Bearer (Minotaur Fighter)        Turns: 1602, Time: 00:01:15

Health: -5/33      AC:  8    Str: 22    XL:     3   Next: 69%
Magic:  2/2        EV:  9    Int:  5    God:
Gold:   118        SH:  4    Dex:  9    Spells: 2/2 levels left

rFire   . . .        a - +0 war axe
rCold   . . .        c - +0 buckler
rNeg    . . .        b - +0 scale mail
rPois   .            (helmet restricted)
rElec   .            (no cloak)
rCorr   .            j - +0 pair of gloves
SInv    .            (no boots)
Will    .....        (no amulet) Stlth
                     (no ring)
HPRegen 0.25/turn    (no ring)
MPRegen 0.08/turn

%: no passive effects
@: no status effects
A: horns 2, retaliatory headbutt
a: no special abilities


You were on level 3 of the Dungeon.
You visited 1 branch of the dungeon, and saw 3 of its levels.

You collected 118 gold pieces.

Inventory:

Hand Weapons
 a - a +0 war axe (weapon)
Armour
 b - a +0 scale mail (worn)
 c - a +0 buckler (worn)
 j - a +0 pair of gloves (worn)
Scrolls
 e - a scroll of amnesia {unknown}
 f - a scroll of teleportation {unknown}
 h - 3 scrolls of poison {unknown}
 k - a scroll of noise {unknown}
Potions
 d - a potion of might
 g - 2 potions of curing {unknown}
 i - a potion of haste {unknown}
 l - a potion of mutation {unknown}


   Skills:
 + Level 4.2 Fighting
 + Level 3.2 Axes
 + Level 4.2 Armour
 + Level 4.2 Shields


You had 2 spell levels left.
You didn't know any spells.
Your spell library was empty.

Dungeon Overview and Level Annotations

Branches:
Dungeon (3/15)

Altars:

Annotations:
D:3 1 runed translucent door, Sigmund; t4s4d4r's ghost, amateur OpSh


Innate Abilities, Weirdness & Mutations

You have a pair of horns on your head.
You reflexively headbutt those who attack you in melee.


Message History

You are too injured to fight recklessly!
You are too injured to fight recklessly!
You are too injured to fight recklessly!
You are too injured to fight recklessly!
You are too injured to fight recklessly!
You are too injured to fight recklessly!
You are too injured to fight recklessly!
You are too injured to fight recklessly!
You are too injured to fight recklessly!
You are too injured to fight recklessly!
You are too injured to fight recklessly!
You are too injured to fight recklessly!
You are too injured to fight recklessly!
You are too injured to fight recklessly!
You are too injured to fight recklessly!
You are too injured to fight recklessly!
Unknown command.
You are too injured to fight recklessly!
Unknown command.
You are too injured to fight recklessly!
You hit the gnoll.
The gnoll is moderately wounded.
Something hits you!
* * * LOW HITPOINT WARNING * * *
The gnoll hits you but does no damage.
The gnoll hits you from afar with a +0 spear.
* * * LOW HITPOINT WARNING * * *
The gnoll attacks as it pursues you! The gnoll barely misses you.
A kobold comes into view.
It is wielding a +1 short sword of electrocution and quivering poisoned darts.
The kobold shouts!
The gnoll attacks as it pursues you!
The gnoll hits you from afar with a +0 spear.
* * * LOW HITPOINT WARNING * * *
The kobold barely misses you. You furiously retaliate!
You headbutt the kobold. The gnoll attacks as it pursues you!
The gnoll hits you but does no damage. The kobold hits you but does no damage.
The kobold barely misses you. The gnoll completely misses you.
The gnoll hits you from afar with a +0 spear.
You die...

......# ..... .{. ##+##
#=# ##..<## #.#
##.....## #g#
#.......## ##g###
#.........####.gK.####.
+....)....'...@........
####......###.........#
WSS+...).## #.#.#.###.#
####....## #....... #
##....## #..##.###
###+# #..# .# #..# #
#..#


You could see 3 gnolls and a kobold.

Vanquished Creatures
  An adder (D:3)
  A gnoll (D:1)
  A worm (D:2)
  A dart slug (D:1)
  A bat (D:1)
  An endoplasm (D:3)
  A giant cockroach (D:1)
  A goblin (D:3)
  3 hobgoblins
  6 jackals
  4 kobolds (D:1)
  A quokka (D:1)
  4 ball pythons (D:1)
  3 frilled lizards
  A rat (D:2)
30 creatures vanquished.

Notes
Turn   | Place    | Note
-------+----------+-------------------------------------------
     0 | D:1      | Maratek the Minotaur Fighter began the quest for the Orb.
     0 | D:1      | Reached XP level 1. HP: 19/19 MP: 0/0
   122 | D:1      | Reached XP level 2. HP: 23/27 MP: 1/1
   674 | D:1      | Reached XP level 3. HP: 27/33 MP: 2/2
  1567 | D:3      | Found a runed translucent door.
  1569 | D:3      | Noticed t4s4d4r's ghost (amateur OpSh)
  1584 | D:3      | Noticed Sigmund
  1599 | D:3      | HP: 1/33 [gnoll/+0 spear (5)]
  1602 | D:3      | Slain by a gnoll

Illustrated notes

Levels and vault maps discovered:
D:1:      lemuel_arrival_behind_the_door_large, layout_basic,
          nicolae_grassy_gnolls
D:2:      layout_loops_ring
D:3:      layout_loops_corners, ebering_ghost_sewer_d,
          shapermc_ecumenical_altar_gd, uniq_sigmund

Skill      XL: |  1  2  3 |
---------------+----------+-----
Shields        | 4 |  4.2
Fighting       | 4 |  4.2
Armour         | 4 |  4.2
Axes           | 3 |  3.2

Action                     || total
---------------------------++-------
  Melee: War axe           ||    79
         Headbutt          ||     8
 Armour: Scale mail        ||    72
  Dodge: Dodged            ||    42
  Block: Buckler           ||    18

Table legend: (Time is in decaauts)
 A = Elapsed time spent in this place.
 B = Non-inter-level travel time spent in this place.
 C = Inter-level travel time spent in this place.
 D = Time resting spent in this place.
 E = Time spent auto-exploring this place.
 F = Levels seen in this place.
 G = Mean time per level.
                   A        B        C        D        E       F      G
               +--------+--------+--------+--------+--------+-----+--------+
         Total |   1630 |   1541 |     89 |      0 |   1324 |   3 |  543.3 |
       Dungeon |   1630 |   1541 |     89 |      0 |   1324 |   3 |  543.3 |
               +--------+--------+--------+--------+--------+-----+--------+

Top non-repeatable levels by time:
     D:1: 889 daAuts
     D:2: 701 daAuts
     D:3: 40 daAuts
